 Dungeon Sprint DCSS version 0.31-a0-662-g684573625c (webtiles) character file.

Game seed: 3319955506950575301

428 sircluck the Grappler (level 6, -12/71 HPs)
             Began as a Troll Berserker on Sept 2, 2023.
             Was a Believer of Trog.
             Mangled by a sun demon (19 damage)
             ... summoned by a kobold demonologist
             ... in the Dungeon (Sprint I: "Red Sonja").
             The game lasted 00:00:33 (148 turns).

sircluck the Grappler (Troll Berserker)              Turns: 148, Time: 00:00:34

Health: -12/71     AC:  4    Str: 28    XL:     6   Next: 65%
Magic:  5/5        EV: 11    Int:  3    God:    Trog [**....]
Gold:   270        SH:  0    Dex:  9    Spells: 5/5 levels left

rFire   . .          .
                       - Unarmed
rCold   . . .        (no shield)
rNeg    . . .        a - +0 animal skin
rPois   .            (helmet restricted)
rElec   .            (no cloak)
rCorr   .            (gloves unavailable)
SInv    .            (boots unavailable)
Will    .....        (no amulet)
Stlth   +            (no ring)
HPRegen 1.11/turn    (no ring)
MPRegen 0.09/turn

%: no teleportation
@: no status effects
A: large, unfitting armour, claws 3, regeneration 1, shaggy fur 1, tough skin 1
a: Renounce Religion, Berserk, Trog's Hand


You were in the Dungeon.
You worshipped Trog.
Trog was pleased with you.
You visited 1 branch You collected 270 gold pieces.

Inventory:

Armour
 a - a +0 animal skin (worn)
Wands
 h - a wand of iceblast (6)
Scrolls
 g - a scroll of blinking
Potions
 b - a potion of curing
 c - a potion of heal wounds
 d - a potion of haste
 e - 2 potions of magic
 f - a potion of berserk rage


   Skills:
 + Level 7.5 Fighting
 + Level 7.4 Dodging
 + Level 8.8 Unarmed Combat


You had 5 spell levels left.
You didn't know any spells.
Your spell library was empty.

Dungeon Overview and Level Annotations

Branches:
Dungeon (1/1)

Altars:
Makhleb
Xom
Jiyva
Lugonu


Innate Abilities, Weirdness & Mutations

You are too large for most types of armour.
You have claws for hands.
Your natural rate of healing is unusually fast.
You are covered in fur. (AC +1)
You have tough skin. (AC +1)


Message History

Unknown command.
Unknown command.
You start resting.
You feel a strong urge to attack something.
You start resting.
You feel your anger nearly subside.
You start resting.
You are no longer berserk.
You are exhausted.
You feel yourself slow down.
You start resting.
HP restored.
You start waiting.
You feel yourself speed up.
You start waiting.
You recover from your berserk rage.
There is an open door here.
You open the door.
Found 108 gold pieces.
There is an open door here.
You now have 189 gold pieces (gained 27).
You now have 216 gold pieces (gained 27).
You now have 243 gold pieces (gained 27).
You now have 270 gold pieces (gained 27).
You open the door.
A kobold demonologist and a floating eye come into view.
The kobold demonologist shouts!
The floating eye turns its gaze towards you.
The kobold demonologist mumbles some strange words.
The floating eye's stare focuses on you.
A kobold demonologist comes into view. It is wielding a +0 dagger.
The kobold demonologist shouts!
Unknown command.
The sun demon hits you!!
You are engulfed in flames!
The kobold demonologist mumbles some strange words.
There is an open door, spattered with blood here.
You barely miss the floating eye. The sun demon hits you!!
* * * LOW HITPOINT WARNING * * *
You are engulfed in flames!!
You die...

#####################
.)..#.)'..#__#..@G3K#
.#..'..#..'..'..#3K.#
###'#####+#__####...+
#..# #### #### ####


You could see a soul eater (summoned), a sun demon (summoned), 2 kobold
demonologists and a floating eye (charged).

Vanquished Creatures
  A slime creature (D)
  Sigmund (D)
  An ogre (D)
  Ijyb (D)
4 creatures vanquished.

Notes
Turn   | Place    | Note
-------+----------+-------------------------------------------
     0 | D        | sircluck the Troll Berserker began the quest for the Orb.
     0 | D        | Reached XP level 1. HP: 22/22 MP: 0/0
     1 | D        | Noticed Ijyb
    14 | D        | Killed Ijyb
    15 | D        | Reached skill level 4 in Unarmed Combat
    15 | D        | Reached XP level 2. HP: 8/32 MP: 1/1
    40 | D        | Noticed an ogre
    46 | D        | Killed an ogre
    47 | D        | Reached skill level 5 in Fighting
    47 | D        | Reached skill level 5 in Dodging
    47 | D        | Reached skill level 6 in Unarmed Combat
    47 | D        | Reached XP level 3. HP: 29/42 MP: 2/2
    47 | D        | Reached XP level 4. HP: 35/50 MP: 3/3
    62 | D        | Noticed Sigmund
    66 | D        | Killed Sigmund
    66 | D        | Reached ** piety under Trog
    67 | D        | Reached skill level 7 in Unarmed Combat
    67 | D        | Reached XP level 5. HP: 44/61 MP: 4/4
    79 | D        | Found a burning altar of Makhleb.
    79 | D        | Found a viscous altar of Jiyva.
    79 | D        | Found a shimmering altar of Xom.
    79 | D        | Found a corrupted altar of Lugonu.
    79 | D        | Noticed a slime creature
    83 | D        | Killed a slime creature
    84 | D        | Reached skill level 8 in Unarmed Combat
    84 | D        | Reached XP level 6. HP: 71/71 MP: 5/5
   146 | D        | Noticed a kobold demonologist
   146 | D        | Noticed a floating eye
   146 | D        | Noticed a kobold demonologist
   147 | D        | Noticed a sun demon
   148 | D        | Noticed a soul eater
   148 | D        | Mangled by a sun demon

Illustrated notes

Levels and vault maps discovered:
D:        dungeon_sprint_1 [red_sonja_temple_1, red_sonja_temple_small_1]

Skill      XL: |  1  2  3  4  5 |
---------------+----------------+-----
Fighting       | 3 5 6 7 |  7.5
Dodging        | 3 5 6 7 |  7.4
Unarmed Combat | 4 6 7 8 |  8.8

Action                     |  1- 3 |  4- 6 || total
---------------------------+-------+-------++-------
  Melee: Unarmed           |    17 |     6 ||    23
         Punch             |       |     1 ||     1
 Invoke: Berserk           |       |     1 ||     1
  Evoke: Wand              |     1 |     1 ||     2
 Armour: Animal skin       |     9 |     6 ||    15
  Dodge: Dodged            |     5 |     1 ||     6

Table legend: (Time is in decaauts)
 A = Elapsed time spent in this place.
 B = Non-inter-level travel time spent in this place.
 C = Inter-level travel time spent in this place.
 D = Time resting spent in this place.
 E = Time spent auto-exploring this place.
 F = Levels seen in this place.
 G = Mean time per level.
                   A        B        C        D        E       F      G
               +--------+--------+--------+--------+--------+-----+--------+
         Total |    158 |    158 |      0 |     80 |      1 |   1 |  158.0 |
       Dungeon |    158 |    158 |      0 |     80 |      1 |   1 |  158.0 |
               +--------+--------+--------+--------+--------+-----+--------+

Top non-repeatable levels by time:
       D: 158 daAuts
